 Dungeon Crawl Stone Soup version 0.27.1-3-gb3d3a73c9e (webtiles) character file.

Game seed: 14471251284783325884

76 Crownlay the Skirmisher (level 4, -2/41 HPs)
             Began as a Gnoll Wanderer on Oct 17, 2021.
             Slain by an adder (3 damage)
             ... on level 2 of the Dungeon.
             The game lasted 00:01:36 (1605 turns).

Crownlay the Skirmisher (Gnoll Wanderer)            Turns: 1605, Time: 00:01:37

Health: -2/41      AC: -4    Str: 10    XL:     4   Next: 32%
Magic:  5/5        EV: 11    Int: 15    God:
Gold:   46         SH:  0    Dex: 10    Spells: 5/5 levels left

rFire    . . .     SeeInvis .   a - +2 falchion
rCold    . . .     Faith    .   (no shield)
rNeg     . . .     Spirit   .   d - +0 robe
rPois    .         Reflect  .   (no helmet)
rElec    .         Harm     .   (no cloak)
rCorr    .         Rampage  .   (no gloves)
Will     .....                  m - +0 pair of boots
Stlth    +++.......             (no amulet)
HPRegen  0.13/turn              (no ring)
MPRegen  0.09/turn              (no ring)

@: lethally poisoned (-2 -> -5), corroded
A: fangs 1, strong nose, distributed training
a: no special abilities


You were on level 2 of the Dungeon.
You visited 1 branch of the dungeon, and saw 2 of its levels.

You collected 46 gold pieces.

Inventory:

Hand Weapons
 a - a +2 falchion (weapon)
Armour
 d - a +0 robe (worn)
 m - a +0 pair of boots (worn)
Jewellery
 e - a ring of protection from cold
 g - a ring of ice
Scrolls
 c - 2 scrolls of teleportation
 i - 2 scrolls of identify {unknown}
 j - a scroll of amnesia {unknown}
 k - a scroll of acquirement {unknown}
Potions
 b - a potion of lignification
 l - a potion of brilliance {unknown}


   Skills:
 + Level 6.6 Fighting
 + Level 1.1 Short Blades
 + Level 2.7 Long Blades
 + Level 1.1 Axes
 + Level 1.1 Maces & Flails
 + Level 1.1 Polearms
 + Level 1.1 Staves
 + Level 1.1 Slings
 + Level 1.1 Bows
 + Level 1.1 Crossbows
 + Level 1.1 Throwing
 + Level 1.1 Armour
 + Level 1.1 Dodging
 + Level 6.0 Stealth
 + Level 1.1 Shields
 + Level 4.6 Unarmed Combat
 + Level 1.1 Spellcasting
 + Level 0.8 Conjurations
 + Level 0.8 Hexes
 + Level 0.8 Summonings
 + Level 0.8 Necromancy
 + Level 0.8 Translocations
 + Level 0.8 Transmutations
 + Level 0.8 Fire Magic
 + Level 0.8 Ice Magic
 + Level 0.8 Air Magic
 + Level 0.8 Earth Magic
 + Level 0.8 Poison Magic
 + Level 1.2 Invocations
 + Level 2.7 Evocations


You had 5 spell levels left.
You didn't know any spells.
Your spell library was empty.

Dungeon Overview and Level Annotations

Branches:
Dungeon (2/15)

Altars:


Innate Abilities, Weirdness & Mutations

You have very sharp teeth.
Your uncanny sense of smell can sniff out nearby items.
Your experience applies equally to all skills.


Message History

The jelly hits you. The acid corrodes you!
You are splashed with acid!
* * * LOW HITPOINT WARNING * * *
You hit the jelly but do no damage.
Your hands burn!
* * * LOW HITPOINT WARNING * * *
The jelly is almost dead.
The jelly closely misses you.
You hit the jelly.
You kill the jelly!
The adder misses you.
You riposte.
You hit the adder but do no damage.
Your Short Blades skill increases to level 1!
Your Axes skill increases to level 1!
Your Maces & Flails skill increases to level 1!
Your Polearms skill increases to level 1!
Your Staves skill increases to level 1!
Your Slings skill increases to level 1!
Your Bows skill increases to level 1!
Your Crossbows skill increases to level 1!
Your Throwing skill increases to level 1!
Your Armour skill increases to level 1!
Your Dodging skill increases to level 1!
Your Shields skill increases to level 1!
Your Spellcasting skill increases to level 1!
You have reached level 4!
You feel clever.
Okay, then.
The adder bites you.
* * * LOW HITPOINT WARNING * * *
You are lethally poisoned!
The adder poisons you!
It was a potion of curing.
You feel better. The adder bites you.
* * * LOW HITPOINT WARNING * * *
You are poisoned.
The adder poisons you!
You barely miss the adder. You bite the adder, but do no damage.
* * * LOW HITPOINT WARNING * * *
You feel sick. The adder bites you.
* * * LOW HITPOINT WARNING * * *
You hit the adder but do no damage.
* * * LOW HITPOINT WARNING * * *
You feel sick. The adder bites you.
You die...

##.#####....###.##
#..........
##...###.. ##.##
#.# #.# #.# #S#
#@# ##########.#
#..........#
#.##########
#######.#
......†.#
#######.# #####.#
# #...#.###


You could see an adder.

Vanquished Creatures
  A jelly (D:2)
  A gnoll (D:1)
  A dart slug (D:1)
  5 ball pythons (D:1)
  3 endoplasms (D:1)
  3 giant cockroaches (D:1)
  4 goblins (D:1)
  A hobgoblin (D:1)
  A kobold (D:1)
  3 quokkas (D:1)
  4 bats
  2 frilled lizards (D:1)
  4 rats (D:1)
33 creatures vanquished.

Notes
Turn   | Place    | Note
-------+----------+-------------------------------------------
     0 | D:1      | Crownlay the Gnoll Wanderer began the quest for the Orb.
     0 | D:1      | Crownlay set off with the following items: a +2 falchion, a
                  | potion of lignification, a scroll of teleportation, a +0
                  | robe, a +0 dagger
     0 | D:1      | Reached XP level 1. HP: 23/23 MP: 1/1
   150 | D:1      | Reached XP level 2. HP: 24/29 MP: 2/2
   568 | D:1      | Reached XP level 3. HP: 4/35 MP: 3/3
  1156 | D:1      | Reached skill level 1 in Invocations
  1591 | D:2      | HP: 1/35 [poisoned by an adder]
  1597 | D:2      | HP: 1/35 [acid (5)]
  1599 | D:2      | Reached skill level 1 in Short Blades
  1599 | D:2      | Reached skill level 1 in Axes
  1599 | D:2      | Reached skill level 1 in Maces & Flails
  1599 | D:2      | Reached skill level 1 in Polearms
  1599 | D:2      | Reached skill level 1 in Staves
  1599 | D:2      | Reached skill level 1 in Slings
  1599 | D:2      | Reached skill level 1 in Bows
  1599 | D:2      | Reached skill level 1 in Crossbows
  1599 | D:2      | Reached skill level 1 in Throwing
  1599 | D:2      | Reached skill level 1 in Armour
  1599 | D:2      | Reached skill level 1 in Dodging
  1599 | D:2      | Reached skill level 1 in Shields
  1599 | D:2      | Reached skill level 1 in Spellcasting
  1599 | D:2      | Reached XP level 4. HP: 1/41 MP: 5/5
  1602 | D:2      | HP: 1/41 [adder (1)]
  1605 | D:2      | Slain by an adder

Illustrated notes

Levels and vault maps discovered:
D:1:      dpeg_arrival_tiny_a, layout_basic, minmay_misc_feat_enclosed,
          st_stairs_4
D:2:      layout_loops_ring, uniq_jessica

Skill      XL: |  1  2  3 |
---------------+----------+-----
Stealth        | 6 |  6.0
Invocations    | 1 |  1.2
Short Blades   | 1 |  1.1
Axes           | 1 |  1.1
Maces & Flails | 1 |  1.1
Polearms       | 1 |  1.1
Staves         | 1 |  1.1
Slings         | 1 |  1.1
Bows           | 1 |  1.1
Crossbows      | 1 |  1.1
Throwing       | 1 |  1.1
Armour         | 1 |  1.1
Dodging        | 1 |  1.1
Shields        | 1 |  1.1
Spellcasting   | 1 |  1.1
Fighting       | |  6.6
Long Blades    | |  2.7
Unarmed Combat | |  4.6
Conjurations   | |  0.8
Hexes          | |  0.8
Summonings     | |  0.8
Necromancy     | |  0.8
Translocations | |  0.8
Transmutations | |  0.8
Fire Magic     | |  0.8
Ice Magic      | |  0.8
Air Magic      | |  0.8
Earth Magic    | |  0.8
Poison Magic   | |  0.8
Evocations     | |  2.7

Action                   |  1- 3 |  4- 6 || total
-------------------------+-------+-------++-------
Melee: Falchion          |    73 |     2 ||    75
       Bite              |     6 |     1 ||     7
  Use: Potion            |     2 |     1 ||     3
 Stab: Sleeping          |    15 |       ||    15
Armor: Robe              |     9 |       ||     9
Dodge: Dodged            |    44 |       ||    44
       Rpst.: Falchion   |    19 |       ||    19
